cohdb
Replays
Latest Replays
All Replays
Popular Replays
Top Player Replays
Match Explorer
How It Works
Community
CoH3 Stats
Reddit
Sign in to upload your games and track your stats! →
Sign in with Steam
Match 33596869
Unlisted
Match 33596869
Overview
Messages
Build Orders
End
Construct Weapon Support Center
Selects Armored Battlegroup
Selects Assault Engineers
Assault Engineer Squad
M1919 Machine Gun Team
Selects Fast Deploy
Air Support Center
.30 cal Machine Gun
Improved M9 Bazooka Rockets
.30 cal Machine Gun
Bazooka Squad
Air Supply
Air Supremacy
P-47 Dive Bomb
Assault Engineer Squad
P-47 Strafing Run
Double Sortie
P-47 Strafing Run
P-47 Dive Bomb
Construct Tank Depot
M3 Armored Personnel Carrier
P-47 Strafing Run
P-47 Dive Bomb
Selects M8 Scott SPG
Selects UNKNOWN (2160077)
P-47 Strafing Run
M8 Scott SPG
.30 cal Machine Gun
SosigWaffe
sfd98sfy2398f3h89
chul2ya
Kevin
Dream Migi
manchesterunited_2016
Cpt Darling
粉色上瘾
0
0
Comments
sign in to comment!
No comments posted yet!